AoeStats
← Dr_DanglePeen_AD

Arabia

503327768Analyzed
4v4 RM · 1mo ago on Aug 31, 2026· 27m 29s· 8 players
Game mode
Random Map
Map size
Large (8 player)
Population
200
Speed
Normal
Resources
Standard
Victory
Conquest
Starting age
Dark Age
Ending age
Imperial Age
RankedLock teamsTeams togetherTeam positionsShared explorationLock speedFull tech treeHidden civsTurbo modeCheats
Victory
Defeat
🇲🇽 Wei · Mexico
1442
+7
🇲🇽 Shu · Mexico
1183
+18
🇲🇽 Britons · Mexico
1064
+23
🇲🇽 Poles · Mexico
1007
+25
🇨🇳 Britons · China
1259
-20
🇨🇳 Persians · China
1241
-19
🇹🇷 Hindustanis · Türkiye
1220
-18
🇺🇸 Vikings · United States
1200
-17
Marsman3354
6:29 Loom
9:31 Feudal Age
11:49 Double-Bit Axe
13:40 Horse Collar
16:08 Wheelbarrow
21:46 Castle Age
20:11 Forging
21:02 Bloodlines
21:40 Scale Barding Armor
23:31 Chain Barding Armor
23:29 Bow Saw
28:13 Iron Casting
Dr_DanglePeen_AD
9:28 Loom
11:23 Feudal Age
11:38 Man-at-Arms
23:18 Double-Bit Axe
26:29 Castle Age
25:14 Fletching
missed and miss
6:32 Loom
9:18 Feudal Age
12:08 Double-Bit Axe
21:36 Fletching
25:44 Castle Age
24:29 Horse Collar
24:41 Gold Mining
26:19 Crossbowman
28:13 Gold Shaft Mining
27:54 Bow Saw
MapleStory
7:21 Loom
9:10 Feudal Age
10:17 Double-Bit Axe
18:29 Castle Age
18:25 Bloodlines
19:04 Horse Collar
20:51 Wheelbarrow
20:51 Scale Barding Armor
21:17 Husbandry
23:13 Forging
24:43 Bow Saw
27:10 Chain Barding Armor
Halfah2595
7:20 Loom
10:04 Feudal Age
10:10 Man-at-Arms
15:17 Padded Archer Armor
18:16 Fletching
22:05 Wheelbarrow
26:25 Castle Age
26:31 Crossbowman
27:07 Bodkin Arrow
xX DTI Xx pasa
8:31 Loom
11:49 Feudal Age
13:57 Wheelbarrow
14:34 Double-Bit Axe
15:09 Bloodlines
20:43 Castle Age
Nataly_
6:23 Loom
8:54 Feudal Age
10:10 Double-Bit Axe
17:46 Wheelbarrow
20:08 Castle Age
18:01 Horse Collar
20:39 Bloodlines
20:35 Scale Barding Armor
21:13 Husbandry
21:40 Bow Saw
25:07 Chain Barding Armor
26:57 Forging
CAFK
2:59 Loom
10:23 Feudal Age
15:44 Double-Bit Axe
18:13 Fletching
20:42 Padded Archer Armor
23:39 Castle Age
21:51 Gold Mining
23:44 Crossbowman
24:32 Bodkin Arrow
24:23 Horse Collar
26:18 Ballistics
Connection lost

Rejoining the realm…

Still unreachable

The connection could not be restored.

Session expired

The server has moved on; the page needs a fresh start.